 Dungeon Crawl Stone Soup version bcrawl-1.36.4 (webtiles) character file.

Game seed: 14070990579304839481

422013 Turtleman12345 the Spry (level 15, 0/99 HPs)
             Began as a Fairy Air Elementalist on Aug 16, 2022.
             Was an Initiate of Gozag.
             Slain by an eight-headed hydra (21 damage)
             ... on level 5 of the Lair of Beasts.
             The game lasted 00:43:18 (23030 turns).

Turtleman12345 the Spry (Fairy Air Elementalist)   Turns: 23030, Time: 00:43:19

Health: 0/99       AC: 13    Str:  3    XL:     15   Next: 11%
Magic:  31/31      EV: 27    Int: 29    God:    Gozag
Gold:   3727       SH:  0    Dex: 14    Spells: 14/35 levels left

rFire    . . .     SeeInvis .   U - +5 quarterstaff "Kuollixi" {flame, Str-3 Int+5}
rCold    . . .     Gourm    .   (shield currently unavailable)
rNeg     . . .     Faith    .   (armour unavailable)
rPois    .         Spirit   .   T - +0 helmet
rElec    .         Reflect  +   h - +1 cloak
rCorr    +                      E - +0 pair of gloves
MR       ++...                  G - +0 pair of boots
Stlth    ++........             X - +3 amulet of reflection
HPRegen  0.26/turn              V - ring of protection from magic
MPRegen  0.22/turn              r - ring of resist corrosion

@: lethally poisoned (0 -> -25), sleeping, flying evasively
A: small, magic attunement, unstealthy, unfitting armour, able to fly, AC/SH +8
a: Stop Flying, Potion Petition, Call Merchant, Bribe Branch, Renounce Religion


You were on level 5 of the Lair of Beasts.
You worshipped Gozag.
Gozag was most pleased with you.
You were hungry.

You visited 3 branches of the dungeon, and saw 19 of its levels.
You also visited: Ice Cave.

You collected 5647 gold pieces.
You spent 325 gold pieces at shops.
You paid 1595 gold pieces to Gozag.

Inventory:

Hand Weapons
 f - a +1 spear of venom
 s - a +2 rapier of holy wrath
 I - the +6 hunting sling of Attainder {freeze, rPois Int+4 Dex+6 Stlth-}
   (You found it on level 10 of the Dungeon)

   It causes projectiles fired from it to freeze those they strike, increasing
   damage dealt by approximately one third against foes not resistant or
   susceptible to cold, and potentially slowing cold-blooded foes.
   It affects your intelligence (+4).
   It affects your dexterity (+6).
   It protects you from poison.
   It makes you less stealthy.
 U - the +5 quarterstaff "Kuollixi" (weapon) {flame, Str-3 Int+5}
   (You found it on level 2 of the Lair of Beasts)

   It has been specially enchanted to surge with flame as it hits, increasing
   damage dealt by approximately one third against foes not resistant or
   susceptible to fire.
   It affects your strength (-3).
   It affects your intelligence (+5).
Missiles
 b - 302 poisoned needles (quivered)
 H - 2 throwing nets {=f}
 O - 571 sling bullets
Armour
 h - a +1 cloak (worn)
 E - a +0 pair of gloves (worn)
 G - a +0 pair of boots (worn)
 T - a +0 helmet (worn)
Jewellery
 q - a +5 ring of strength
 r - a ring of resist corrosion (right hand)
 A - an uncursed ring of see invisible
 N - an uncursed ring of stealth
 V - a ring of protection from magic (left hand)
 X - a +3 amulet of reflection (around neck)
Wands
 B - a wand of acid (5)
 D - a wand of iceblast (14)
 F - a wand of flame (60)
 K - a wand of scattershot (7)
 M - a wand of random effects (24)
 R - a wand of clouds (2)
Scrolls
 a - 5 scrolls of teleportation
 g - 8 scrolls of remove curse
 i - 2 scrolls of identify
 l - 6 scrolls of enchant armour {unknown}
 m - 2 scrolls of fear {unknown}
 t - 2 scrolls of magic mapping {unknown}
 v - 3 scrolls of fog {unknown}
 w - 8 scrolls of immolation {unknown}
 x - 3 scrolls of blinking {unknown}
 y - 4 scrolls of enchant weapon {unknown}
 C - 4 scrolls of amnesia {unknown}
 P - a scroll of brand weapon {unknown}
 Q - 2 scrolls of noise {unknown}
Potions
 c - 4 potions of cancellation {unknown}
 d - 3 potions of lignification
 j - 4 potions of heal wounds {unknown}
 k - 4 potions of mutation
 n - 6 potions of agility
 o - 2 potions of haste {unknown}
 p - 4 potions of curing
 u - 3 potions of invisibility
 J - a potion of resistance
 L - 3 potions of degeneration {unknown}
Miscellaneous
 S - a lamp of fire (inert)
 W - a lightning rod (4/4)
Comestibles
 e - 11 rations {!d}


   Skills:
 + Level 8.0 Fighting
 * Level 15.4 Dodging
 + Level 4.4 Stealth
 + Level 10.8 Spellcasting
 * Level 14.2 Conjurations
 - Level 1.0 Charms
 - Level 1.0 Necromancy
 - Level 3.0 Ice Magic
 * Level 14.3 Air Magic
 + Level 9.0 Evocations


You had 14 spell levels left.
You knew the following spells:

 Your Spells              Type           Power        Failure   Level  Hunger
a - Shock                 Conj/Air       #####        0%          1    None
b - Static Discharge      Air            #######.     1%          3    None
c - Swiftness             Chrm/Air       ######..     1%          2    None
d - Airstrike             Air            #######...   1%          4    None
e - Lightning Bolt        Conj/Air       #######...   1%          5    None
f - Regeneration          Chrm/Necr      ###.......   7%          3    None
g - Ozocubu's Armour      Chrm/Ice       ####....     4%          3    None

Your spell library contained the following spells:

 Spells                   Type           Power        Failure   Level  Hunger
 Infusion                 Chrm           ###.....     2%          1    None
 Beastly Appendage        Tmut           ###...       3%          1    None
 Song of Slaying          Chrm           ###.....     3%          2    None
 Passwall                 Tmut/Erth      ###.....     5%          2    None
 Sticks to Snakes         Tmut           ###.....     5%          2    None
 Spectral Weapon          Hex/Chrm       ###.....     9%          3    None
 Spider Form              Tmut/Pois      ###          11%         3    None
 Ice Form                 Ice/Tmut       ###.....     19%         4    None
 Blade Hands              Tmut           ###.......   67%         5    None


Dungeon Overview and Level Annotations

Branches:
Dungeon (12/12)            Temple (1/1) D:4            Lair (6/6) D:7
 Shoals (0/3) Lair:3        Snake (0/3) Lair:3        Slime (0/5) Lair:6
    Orc (0/1) D:11         Vaults (0/3) D:12         Depths (0/5) D:12
  Swamp: Lair:2-4    Spider: Lair:2-4

Altars:
Ashenzari
Cheibriados
Dithmenos
Elyvilon
Fedhas
Gozag
Hepliaklqana
Kikubaaqudgha
Lugonu
Makhleb
Nemelex Xobeh
Okawaru
Qazlal
Ru
Sif Muna
Trog
Uskayaw
Vehumet
Wu Jian
Xom
Yredelemnul
Zin
The Shining One
Jiyva

Shops:
D:4 (   D:5 *   D:9 %

Annotations:
D:9 1 runed translucent door, yrara's ghost, journeyman DsFi
Lair:3 1 runed door
Lair:6 1 runed door, yrara's ghost, journeyman DsFi


Innate Abilities, Weirdness & Mutations

Your spells do not cause hunger and MP costs are reduced by 1.
Your bright wings attract enemies. (Stealth-)
You cannot fit into any form of body armour.
Your shimmering scales are hard and can block incoming attacks. (AC +8, SH +8)
You are small and have problems with some larger weapons.
You can fly continuously.


Message History

The eight-headed hydra bites you but does no damage.
The eight-headed hydra barely misses you.
You block the eight-headed hydra's attack.
The eight-headed hydra completely misses you.
The eight-headed hydra misses you. The black mamba bites you!
* * * LOW HITPOINT WARNING * * *
You are lethally poisoned!
The black mamba poisons you!
* * * LOW HITPOINT WARNING * * *
You feel very sick.
The dream sheep shake their wool and sparkle.
You feel drowsy...
You fall asleep.
* * * LOW HITPOINT WARNING * * *
You feel very sick. The black mamba misses you.
The eight-headed hydra barely misses you.
The eight-headed hydra completely misses you.
The eight-headed hydra bites you!!
You die...
Your body crumbles into a pile of gold.

##.......................
##........................
#.#.....[.............[...
##........................
##........................
#.........................
###.......<.......##......
#..PP....###.....#.#..P.#
##..##..@#........+......
#...##YSD................
#...###.Y##......P......#
##..##..>###.............
#..###..###......###....
###..#.#..P##......###.#.#
#.#........##.............
##........................
##...#.P####...#..##.#..P


You could see an eight-headed hydra, a black mamba and 2 dream sheep.

Vanquished Creatures
  A frost giant (IceCv)
  An ettin (D:11)
  Harold (D:9)
  7 hydras
  Erolcha (D:9)
  A rakshasa (D:12)
  Psyche (D:8)
  A death knight (D:11)
  5 two-headed ogres
  7 death yaks
  A deep troll (D:11)
  A fire crab (Lair:5)
  3 centaur warriors (D:12)
  A wolf spider zombie (D:12)
  A deep elf archer (D:12)
  A wizard (D:12)
  2 cyclopes (D:11)
  3 ugly things
  3 elephants (Lair:4)
  4 black mambas
  2 gargoyles (D:11)
  A torpor snail (Lair:4)
  6 cane toads
  6 komodo dragons
  3 freezing wraiths
  An efreet (D:12)
  6 yaktaurs
  A tengu conjurer (D:12)
  9 polar bears (IceCv)
  Maurice (D:9)
  5 trolls
  A harpy skeleton (D:11)
  2 hornets (D:11)
  17 hippogriffs
  A blink frog (shapeshifter) (D:12)
  5 blink frogs (Lair:3)
  9 dream sheep
  Grum (D:10)
  A shadow (D:12)
  70 yaks
  3 wyverns
  2 wraiths
  3 hungry ghosts
  2 basilisks
  A steam dragon (D:9)
  Edmund (D:5)
  An acid dragon (Lair:3)
  5 water moccasins
  A warg (D:11)
  5 nagas (Lair:3)
  7 crocodiles
  9 porcupines
  An orc warrior (D:11)
  An ice beast (D:10)
  4 black bears
  A phantom (D:5)
  A sky beast (D:7)
  3 ogres
  3 boggarts (D:12)
  26 wolves
  6 bullfrogs
  2 kobold brigands (D:10)
  13 centaurs
  A water moccasin zombie (D:7)
  5 scorpions
  A water moccasin skeleton (D:9)
  4 wights (D:9)
  An electric eel (Lair:1)
  3 howler monkeys (D:8)
  5 orc priests
  6 crimson imps
  2 jellies
  A quasit (D:10)
  8 hounds
  3 iguanas
  8 worker ants
  4 orc wizards
  A hound zombie (D:6)
  3 hound skeletons
  3 gnolls (D:5)
  A worker ant zombie (D:9)
  5 adders
  3 shadow imps
  An ooze (D:2)
  2 adder skeletons
  3 worms
  2 dart slugs
  5 leopard geckos
  25 orcs
  5 giant cockroaches
  7 goblins
  3 hobgoblins
  13 jackals
  2 quokkas
  2 training dummies (D:7)
  A bat (D:1)
  A frilled lizard (D:3)
  14 kobolds
  A quokka zombie (D:5)
  4 rats
  2 fungi
456 creatures vanquished.

Vanquished Creatures (others)
  7 polar bears (IceCv)
  10 fungi
  11 plants
28 creatures vanquished.

Grand Total: 484 creatures vanquished

Notes
Turn   | Place    | Note
-------+----------+-------------------------------------------
     0 | D:1      | Turtleman12345 the Fairy Air Elementalist began the quest
                  | for the Orb.
     0 | D:1      | Reached XP level 1. HP: 11/11 MP: 6/6
   362 | D:1      | Reached skill level 3 in Dodging
   362 | D:1      | Reached XP level 2. HP: 17/17 MP: 7/7
   653 | D:2      | Reached XP level 3. HP: 22/22 MP: 9/9
   657 | D:2      | Learned a level 3 spell: Static Discharge
   660 | D:2      | Learned a level 2 spell: Swiftness
  1589 | D:3      | Reached skill level 1 in Fighting
  1589 | D:3      | Reached XP level 4. HP: 15/28 MP: 10/10
  1841 | D:3      | Reached skill level 4 in Dodging
  2012 | D:3      | Found a sparkling altar of Nemelex Xobeh.
  2055 | D:3      | Found a glowing golden altar of the Shining One.
  2237 | D:3      | Reached XP level 5. HP: 31/33 MP: 7/12
  2577 | D:4      | Found Jacont's Antique Weapon Shop.
  2678 | D:4      | Reached XP level 6. HP: 39/39 MP: 10/13
  2683 | D:4      | Learned a level 4 spell: Airstrike
  2719 | D:4      | Reached skill level 5 in Dodging
  2832 | D:4      | Found a staircase to the Ecumenical Temple.
  2846 | Temple   | Entered the Ecumenical Temple
  3082 | Temple   | Became a worshipper of Gozag Ym Sagoz the Greedy
  3260 | D:4      | Reached skill level 1 in Charms
  3260 | D:4      | Reached skill level 5 in Air Magic
  3260 | D:4      | Reached XP level 7. HP: 45/45 MP: 4/15
  3387 | D:4      | Found a white marble altar of Elyvilon.
  4124 | D:4      | Found a shattered altar of Ashenzari.
  4144 | D:5      | Entered Level 5 of the Dungeon
  4261 | D:5      | Found Recak's Retail Resort.
  4267 | D:5      | Reached skill level 6 in Dodging
  4273 | D:5      | Bought an uncursed ring of resist corrosion for 325 gold
                  | pieces
  4312 | D:5      | Reached skill level 5 in Conjurations
  4423 | D:5      | Reached XP level 8. HP: 51/51 MP: 0/16
  4481 | D:5      | Learned a level 5 spell: Lightning Bolt
  4512 | D:5      | Noticed Edmund
  4532 | D:5      | Killed Edmund
  4598 | D:5      | Reached skill level 1 in Evocations
  5404 | D:6      | Reached skill level 7 in Dodging
  5409 | D:6      | Reached skill level 5 in Spellcasting
  5461 | D:6      | Found a corrupted altar of Lugonu.
  6151 | D:6      | Found a blossoming altar of Fedhas.
  6256 | D:7      | Found an ancient bone altar of Kikubaaqudgha.
  6382 | D:7      | Reached XP level 9. HP: 57/57 MP: 5/18
  6386 | D:7      | Learned a level 3 spell: Regeneration
  6670 | D:6      | Reached skill level 8 in Dodging
  6672 | D:6      | Reached skill level 1 in Necromancy
  6712 | D:7      | Noticed a troll
  6915 | D:7      | Killed a troll
  7049 | D:7      | Found a staircase to the Lair.
  7296 | D:7      | Reached skill level 9 in Dodging
  7893 | D:7      | Reached XP level 10. HP: 63/63 MP: 6/21
  8436 | D:8      | Learned a level 3 spell: Ozocubu's Armour
  8788 | D:8      | Noticed a two-headed ogre
  8794 | D:8      | Killed a two-headed ogre
  8795 | D:8      | Reached skill level 1 in Ice Magic
  9078 | D:8      | Noticed Psyche
  9083 | D:8      | Killed Psyche
  9084 | D:8      | Reached skill level 10 in Dodging
  9363 | D:9      | Noticed Erolcha
  9366 | D:9      | Noticed Maurice
  9445 | D:9      | Killed Maurice
  9511 | D:9      | Killed Erolcha
  9512 | D:9      | Reached XP level 11. HP: 70/70 MP: 7/23
  9526 | D:9      | Noticed Harold
  9564 | D:9      | Killed Harold
  9565 | D:9      | Reached skill level 5 in Fighting
  9565 | D:9      | Reached skill level 5 in Evocations
  9709 | D:9      | Found a runed translucent door.
  9712 | D:9      | Found a shimmering altar of Xom.
  9712 | D:9      | Noticed yrara's ghost (journeyman DsFi)
  9713 | D:9      | Noticed a +2 quarterstaff of chaos
  9724 | D:9      | Found a shimmering blue altar of Sif Muna.
  9789 | D:9      | Reached skill level 10 in Air Magic
  9989 | D:9      | Found Emuxatoa's Food Shoppe.
 10171 | D:9      | Reached skill level 11 in Dodging
 10360 | D:9      | Reached skill level 10 in Conjurations
 10425 | D:9      | Found an iron altar of Okawaru.
 10523 | D:9      | Found a sacrificial altar of Ru.
 10524 | D:9      | Found a glowing silver altar of Zin.
 10956 | D:10     | Entered Level 10 of the Dungeon
 11045 | D:10     | Noticed a purple ugly thing
 11059 | D:9      | Killed a purple ugly thing
 11237 | D:10     | Noticed Grum
 11241 | D:10     | Killed Grum
 11573 | D:10     | Got a masterwork hunting sling
 12162 | D:11     | Found a staircase to the Orcish Mines.
 12168 | D:11     | Noticed a cyclops
 12178 | D:11     | Noticed a red ugly thing
 12271 | D:11     | Reached XP level 12. HP: 68/78 MP: 19/26
 12412 | D:11     | Noticed a two-headed ogre
 12416 | D:11     | Killed a two-headed ogre
 12417 | D:11     | Reached skill level 12 in Dodging
 13269 | D:12     | Entered Level 12 of the Dungeon
 13276 | D:12     | Noticed a two-headed ogre
 13276 | D:12     | Noticed an ettin
 13322 | D:11     | Killed a two-headed ogre
 13371 | D:11     | Killed an ettin
 13424 | D:12     | Noticed a rakshasa
 13426 | D:12     | Noticed a death knight
 13504 | D:12     | Noticed a seven-headed hydra
 13646 | D:11     | Killed a seven-headed hydra
 13708 | D:12     | Noticed a deep troll
 13859 | D:11     | Killed a death knight
 13929 | D:11     | Killed a deep troll
 14043 | D:12     | Reached skill level 13 in Dodging
 14047 | D:12     | Killed a rakshasa
 14048 | D:12     | Noticed a centaur warrior
 14049 | D:12     | Noticed a centaur warrior
 14064 | D:12     | Killed a centaur warrior
 14065 | D:12     | Reached XP level 13. HP: 45/84 MP: 10/28
 14540 | D:12     | Found a gate to the Vaults.
 14922 | D:12     | Found a glowing golden altar of the Shining One.
 15150 | D:12     | Found a staircase to the Depths.
 15151 | D:12     | Identified the +6 hunting sling of Attainder {freeze, rPois
                  | Int+4 Dex+6 Stlth-} (You found it on level 10 of the
                  | Dungeon)
 15546 | Lair:1   | Entered Level 1 of the Lair of Beasts
 16839 | Lair:2   | Reached skill level 14 in Dodging
 17376 | Lair:2   | Got an iridescent quarterstaff
 17379 | Lair:2   | Identified the +5 quarterstaff "Kuollixi" {flame, Str-3
                  | Int+5} (You found it on level 2 of the Lair of Beasts)
 17992 | Lair:3   | Reached XP level 14. HP: 92/92 MP: 20/29
 18090 | Lair:3   | Found a runed door.
 18125 | Lair:3   | Found a staircase to the Shoals.
 18155 | Lair:3   | Found a staircase to the Snake Pit.
 18252 | Lair:3   | Found a frozen archway.
 18265 | IceCv    | Entered an ice cave
 18483 | IceCv    | Reached skill level 10 in Spellcasting
 19055 | IceCv    | Noticed a frost giant
 19057 | IceCv    | Killed a frost giant
 20640 | Lair:4   | Reached skill level 15 in Dodging
 22507 | Lair:6   | Entered Level 6 of the Lair of Beasts
 22507 | Lair:6   | Found a runed door.
 22507 | Lair:6   | Found a runed translucent gate.
 22509 | Lair:6   | Found a runed translucent gate.
 22510 | Lair:6   | Found a runed translucent gate.
 22511 | Lair:6   | Noticed yrara's ghost (journeyman DsFi)
 22523 | Lair:6   | Found a viscous altar of Jiyva.
 22523 | Lair:6   | Found a staircase to the Slime Pits.
 22695 | Lair:6   | Reached XP level 15. HP: 99/99 MP: 8/31
 23030 | Lair:5   | Slain by an eight-headed hydra

Skill      XL: |  1  2  3  4  5  6  7  8  9 10 11 12 13 14 15 |
---------------+----------------------------------------------+-----
Dodging        | 3 4 5 6 7 9 10 11 13 14 15 | 15.4
Conjurations   | 2 3 4 5 6 7 9 10 12 13 14 | 14.2
Spellcasting   | 3 4 5 6 7 8 9 10 | 10.8
Fighting       | 1 2 3 4 5 6 7 8 |  8.0
Air Magic      | 4 5 7 8 9 10 12 13 14 | 14.3
Charms         | 1 |  1.0
Evocations     | 2 3 4 6 7 8 9 |  9.0
Necromancy     | 1 |  1.0
Ice Magic      | 2 3 |  3.0
Stealth        | 3 4 |  4.4

Action                   |  1- 3 |  4- 6 |  7- 9 | 10-12 | 13-15 || total
-------------------------+-------+-------+-------+-------+-------++-------
Melee: Dagger            |       |     3 |       |       |       ||     3
       Falchion          |       |       |     8 |       |       ||     8
       Spear             |       |       |    40 |    24 |    40 ||   104
       Quarterstaff      |       |       |       |       |    83 ||    83
 Fire: Hunting sling     |       |       |       |       |    20 ||    20
 Cast: Shock             |    62 |    72 |    19 |     4 |     6 ||   163
       Static Discharge  |     7 |    22 |    20 |    23 |    27 ||    99
       Airstrike         |       |     5 |    89 |   161 |    64 ||   319
       Lightning Bolt    |       |       |     8 |    87 |   228 ||   323
       Regeneration      |       |       |     5 |     7 |       ||    12
       Ozocubu's Armour  |       |       |       |     1 |       ||     1
       Swiftness         |       |       |       |     2 |       ||     2
Invok: Potion Petition   |       |       |       |     4 |     2 ||     6
Evoke: Wand              |       |       |       |       |     5 ||     5
       Lamp of fire      |       |       |       |       |     1 ||     1
  Use: Scroll            |       |       |     2 |     3 |     2 ||     7
 Stab: Distracted        |       |       |     1 |       |       ||     1
  Eat: Chunk             |     1 |     6 |       |       |       ||     7
       Ration            |       |       |     5 |     8 |    11 ||    24
Armor: Skin              |     4 |     8 |    20 |    16 |    34 ||    82
Dodge: Dodged            |     3 |    25 |   110 |   137 |   266 ||   541
Block: Other             |     2 |     9 |    38 |    47 |   122 ||   218
